 Dungeon Crawl Stone Soup version 0.29.0-4-gdea44cf6ec (webtiles) character file.

Game seed: 4011736050195807148

513 qw the Ruffian (level 7, -3/58 HPs)
             Began as a Ghoul Fire Elementalist on Aug 29, 2022.
             Killed by divine providence
             ... invoked by an orc priest
              (15 damage)
             ... on level 4 of the Dungeon.
             The game lasted 00:04:17 (5322 turns).

qw the Ruffian (Ghoul Fire Elementalist)            Turns: 5322, Time: 00:04:17

Health: -3/58      AC:  7    Str: 14    XL:     7   Next: 19%
Magic:  8/8        EV:  9    Int:  8    God:
Gold:   119        SH:  0    Dex: 15    Spells: 8/9 levels left

rFire   . . .      SeeInvis .     - Unarmed
rCold   + + .      Faith    .   (no shield)
rNeg    + + +      Spirit   .   a - +0 scale mail
rPois   inf        Reflect  .   k - +1 hat
rElec   .          Harm     .   (no cloak)
rCorr   .          Rampage  .   (no gloves)
Will    .....                   (no boots)
Stlth   +.........              (no amulet)
HPRegen 0.00/turn               b - ring of Res Nullius {+Blink Fly rC+ Int-2 Dex+6}
MPRegen 0.11/turn               (no ring)

@: about to teleport, flying, inhibited regen
A: claws 1, cold resistance 1, negative energy resistance 3, inhibited
regeneration, torment resistance 2, devour on kill
a: Evoke Blink


You were on level 4 of the Dungeon.
You visited 2 branches of the dungeon, and saw 5 of its levels.

You collected 147 gold pieces.
You spent 28 gold pieces at shops.


Innate Abilities, Weirdness & Mutations

You are immune to poison.
You have sharp fingernails.
Your flesh is cold resistant. (rC+)
You are immune to negative energy. (rN+++)
You do not regenerate when monsters are visible.
You are immune to unholy pain and torment.
You thrive by killing the living.


   Skills:
 - Level 3.8 Fighting
 - Level 1.2 Armour
 - Level 1.7 Dodging
 - Level 2.1 Stealth
 + Level 6.5 Unarmed Combat
 - Level 1.7 Spellcasting
 - Level 0.7 Conjurations
 - Level 2.4 Fire Magic


You had 8 spell levels left.
You knew the following spells:

 Your Spells              Type           Power      Damage    Failure   Level
a - Foxfire               Conj/Fire      12%        2x1d4     63%         1

Your spell library contained the following spells:

 Spells                   Type           Power      Damage    Failure   Level
 Scorch                   Fire           8%         2d5       65%         2
 Conjure Flame            Conj/Fire      3%         6-21      94%         3
 Inner Flame              Hex/Fire       2%         N/A       96%         3
 Flame Wave               Conj/Fire      3%         2d5       100%        4

Inventory:

Armour
 a - a +0 scale mail (worn)
 k - a +1 hat (worn)
Jewellery
 b - the ring of Res Nullius (left claw) {+Blink Fly rC+ Int-2 Dex+6}
   (You acquired it on level 4 of the Dungeon)

   [ring of dexterity]

   Int:       It affects your intelligence (-2).
   Dex:       It affects your dexterity (+6).
   rC:        It protects you from cold.
   Fly:       It grants you flight.
   +Blink:    It lets you blink.
Scrolls
 e - a scroll of identify
Potions
 c - a potion of might
 g - a potion of haste {unknown}
 h - a potion of degeneration {unknown}

Dungeon Overview and Level Annotations

Branches:
Dungeon (4/15)             Temple (1/1) D:4

Altars:
Ashenzari
Cheibriados
Dithmenos
Fedhas
Gozag
Hepliaklqana
Kikubaaqudgha
Makhleb
Nemelex Xobeh
Qazlal
Ru
Trog
Vehumet
Xom
Yredelemnul

Shops:
D:2 ?   D:4 (

Annotations:
D:3 1 runed translucent door, Crazy Yiuf


Message History

The orc wizard points at you and mumbles some strange words.
You are confused.
The orc wizard mumbles some strange words.
The orc wizard flickers and vanishes!
Deactivating autopickup; reactivate with Ctrl-A.
The orc priest calls down the wrath of Beogh upon you.
Beogh smites you!
5316 ||| DRINKING potion of curing.
You feel better.
5316 ||| (to cure confusion)
A kobold comes into view. It is wielding a +0 sling.
You hear some strange, mumbled words.
A puff of flame appears from out of thin air!
The puff of flame hits you!
An orc priest comes into view. It is wielding a +0 short sword.
5317 ||| Stepping ~*~*~tactically~*~*~ (hiding).
An orc comes into view. It is wielding a +0 whip.
The orc shouts!
A magic dart appears from out of thin air!
The magic dart hits you. Something hits you.
The orc priest hits you but does no damage.
The orc priest begins to cast a cantrip, but forgets the words!
You barely miss the orc priest. You scratch the orc priest.
The orc priest is lightly wounded.
Something hits you but does no damage. The orc priest barely misses you.
You scratch the orc priest but do no damage.
The orc priest is lightly wounded.
Something hits you but does no damage.
The orc priest calls down the wrath of Beogh upon you.
Beogh smites you!
The orc priest invokes the aid of Beogh against you.
Beogh smites you!
5322 ||| READING scroll of teleportation.
As you read the scroll of teleportation, it crumbles to dust.
You feel strangely unstable. Something hits you but does no damage.
The orc priest mumbles some strange prayers to Beogh against you.
Beogh smites you!
You die...

...........#............#...
...........#.##.#.##.#......
................#....#......
.........##.#.#...#.........
..##........#.#.>.#.##......
.....)....#.................
#..#......#....#.#.#.......#
#...........##.#.#.#.#......
#........#......@{...#......
.#..>....#.#.#!##o#...:.....
...#.......#.#..oo#.##......
##.#.............K..o..#..##
######.......#..##..#. # ##
#.####%.....##o!##..#..
................##o.# ..
###.................. ...
###..............


You could see 2 orc priests, an orc wizard and a kobold.

Vanquished Creatures
  Sigmund (D:3)
  A phantom (D:4)
  A howler monkey (D:4)
  Ijyb (D:3)
  Terence (D:3)
  4 gnolls (D:4)
  7 adders
  A white imp (D:4)
  2 worms (D:2)
  2 dart slugs
  9 ball pythons
  4 bats
  9 endoplasms
  2 giant cockroaches
  8 goblins
  8 hobgoblins
  5 jackals
  6 quokkas
  9 kobolds
  9 rats
90 creatures vanquished.

Vanquished Creatures (others)
  4 toadstools (D:1)
4 creatures vanquished.

Grand Total: 94 creatures vanquished

Notes
Turn   | Place    | Note
-------+----------+-------------------------------------------
     0 | D:1      | qw the Ghoul Fire Elementalist began the quest for the Orb.
     0 | D:1      | Reached XP level 1. HP: 14/14 MP: 2/2
     0 | D:1      | 0 ||| qw: Version: 0.1-a-90-g952f4b7
     0 | D:1      | 0 ||| qw: Game counter: 3704
     0 | D:1      | 0 ||| qw: Always use a shield: true
     0 | D:1      | 0 ||| qw: God list: Okawaru
     0 | D:1      | 0 ||| qw: Allow faded altars: false
     0 | D:1      | 0 ||| qw: Do Orc after D:15 true
     0 | D:1      | 0 ||| qw: Do second Lair branch before Depths: true
     0 | D:1      | 0 ||| qw: Lair rune preference: random
     0 | D:1      | 0 ||| qw: Plans: Normal
     0 | D:1      | 0 ||| PLANNING D:1-11
    66 | D:1      | 66 ||| Stepping ~*~*~tactically~*~*~ (hiding).
   191 | D:1      | Reached skill level 1 in Unarmed Combat
   268 | D:1      | Reached XP level 2. HP: 22/22 MP: 3/3
   273 | D:1      | Reached skill level 1 in Fighting
   638 | D:1      | Found a faded altar of an unknown god.
   697 | D:1      | Reached skill level 2 in Unarmed Combat
   702 | D:1      | 702 ||| Stepping ~*~*~tactically~*~*~ (stealth).
   703 | D:1      | 703 ||| Stepping ~*~*~tactically~*~*~ (stealth).
   709 | D:1      | 709 ||| Stepping ~*~*~tactically~*~*~ (stealth).
   710 | D:1      | 710 ||| Stepping ~*~*~tactically~*~*~ (stealth).
   712 | D:1      | 712 ||| Stepping ~*~*~tactically~*~*~ (stealth).
   764 | D:1      | 764 ||| Stepping ~*~*~tactically~*~*~ (stealth).
   772 | D:1      | 772 ||| Stepping ~*~*~tactically~*~*~ (stealth).
   912 | D:1      | 912 ||| Stepping ~*~*~tactically~*~*~ (outnumbered).
   926 | D:1      | Reached XP level 3. HP: 12/28 MP: 4/4
  1211 | D:1      | 1211 ||| Stepping ~*~*~tactically~*~*~ (stealth).
  1213 | D:1      | 1213 ||| Stepping ~*~*~tactically~*~*~ (stealth).
  1217 | D:1      | 1217 ||| Stepping ~*~*~tactically~*~*~ (stealth).
  1219 | D:1      | 1219 ||| Stepping ~*~*~tactically~*~*~ (stealth).
  1568 | D:1      | 1568 ||| READING scroll labelled KAMYGU DOD MAPS.
  1569 | D:1      | 1569 ||| READING scroll labelled TIUSATHUOLL.
  1570 | D:1      | 1570 ||| READING scroll labelled EZYXZI TATSANI.
  1571 | D:1      | 1571 ||| READING scroll labelled OSECIPLY RIRHO.
  1572 | D:1      | 1572 ||| DROPPING potion of magic.
  1609 | D:2      | Reached skill level 3 in Unarmed Combat
  1734 | D:2      | 1734 ||| Stepping ~*~*~tactically~*~*~ (hiding).
  1855 | D:2      | 1855 ||| Stepping ~*~*~tactically~*~*~ (stealth).
  1856 | D:2      | 1856 ||| Stepping ~*~*~tactically~*~*~ (stealth).
  1864 | D:2      | 1864 ||| Stepping ~*~*~tactically~*~*~ (stealth).
  1869 | D:2      | 1869 ||| Stepping ~*~*~tactically~*~*~ (stealth).
  1871 | D:2      | 1871 ||| Stepping ~*~*~tactically~*~*~ (stealth).
  1892 | D:2      | 1892 ||| FLEEEEING.
  1893 | D:2      | 1893 ||| FLEEEEING.
  1944 | D:2      | 1944 ||| FLEEEEING.
  1945 | D:2      | 1945 ||| FLEEEEING.
  1946 | D:2      | 1946 ||| FLEEEEING.
  1996 | D:2      | Found Xogumuaf's Magic Scroll Shoppe.
  2008 | D:2      | Reached XP level 4. HP: 35/35 MP: 5/5
  2014 | D:2      | 2014 ||| BUYING scroll of identify (28 gold).
  2014 | D:2      | Bought a scroll of identify for 28 gold pieces
  2014 | D:2      | 2014 ||| SHOPLISTING scroll of teleportation (42 gold, have
                  | 32).
  2158 | D:2      | Reached skill level 4 in Unarmed Combat
  2344 | D:2      | 2344 ||| Stepping ~*~*~tactically~*~*~ (stealth).
  2467 | D:2      | 2467 ||| Stepping ~*~*~tactically~*~*~ (stealth).
  2469 | D:2      | 2469 ||| Stepping ~*~*~tactically~*~*~ (stealth).
  2495 | D:2      | 2495 ||| Stepping ~*~*~tactically~*~*~ (stealth).
  2509 | D:2      | HP: 9/36 [kobold/+0 dagger (2)]
  2511 | D:2      | HP: 4/36 [kobold/+0 dagger (4)]
  2827 | D:2      | 2827 ||| UPGRADING to +0 leather armour.
  2837 | D:2      | 2837 ||| DROPPING +0 robe.
  2838 | D:2      | 2838 ||| READING scroll labelled ANABYKHLYUZU.
  2855 | D:3      | Noticed Terence
  2865 | D:3      | Killed Terence
  2866 | D:3      | Reached XP level 5. HP: 34/41 MP: 6/6
  2866 | D:3      | 2866 ||| STAIRDANCE
  2964 | D:3      | Found an ancient bone altar of Kikubaaqudgha.
  3111 | D:3      | Noticed Ijyb
  3112 | D:3      | 3112 ||| Stepping ~*~*~tactically~*~*~ (hiding).
  3214 | D:3      | 3214 ||| Stepping ~*~*~tactically~*~*~ (hiding).
  3316 | D:3      | 3316 ||| FLEEEEING.
  3318 | D:3      | 3318 ||| FLEEEEING.
  3319 | D:3      | 3319 ||| FLEEEEING.
  3320 | D:3      | 3320 ||| FLEEEEING.
  3321 | D:3      | 3321 ||| FLEEEEING.
  3322 | D:3      | 3322 ||| FLEEEEING.
  3324 | D:3      | 3324 ||| FLEEEEING.
  3325 | D:3      | 3325 ||| FLEEEEING.
  3327 | D:3      | 3327 ||| FLEEEEING.
  3328 | D:3      | 3328 ||| FLEEEEING.
  3329 | D:3      | 3329 ||| FLEEEEING.
  3330 | D:3      | 3330 ||| FLEEEEING.
  3331 | D:3      | 3331 ||| FLEEEEING.
  3332 | D:3      | 3332 ||| FLEEEEING.
  3333 | D:3      | 3333 ||| FLEEEEING.
  3334 | D:3      | 3334 ||| FLEEEEING.
  3336 | D:3      | 3336 ||| FLEEEEING.
  3337 | D:3      | 3337 ||| FLEEEEING.
  3338 | D:3      | 3338 ||| FLEEEEING.
  3339 | D:3      | 3339 ||| FLEEEEING.
  3340 | D:3      | 3340 ||| FLEEEEING.
  3341 | D:3      | 3341 ||| FLEEEEING.
  3342 | D:3      | 3342 ||| FLEEEEING.
  3343 | D:3      | 3343 ||| FLEEEEING.
  3344 | D:3      | 3344 ||| FLEEEEING.
  3346 | D:3      | 3346 ||| FLEEEEING.
  3347 | D:3      | 3347 ||| FLEEEEING.
  3348 | D:3      | 3348 ||| FLEEEEING.
  3349 | D:3      | 3349 ||| FLEEEEING.
  3350 | D:3      | 3350 ||| FLEEEEING.
  3352 | D:3      | 3352 ||| FLEEEEING.
  3353 | D:3      | 3353 ||| FLEEEEING.
  3354 | D:3      | 3354 ||| FLEEEEING.
  3355 | D:3      | 3355 ||| FLEEEEING.
  3357 | D:3      | 3357 ||| FLEEEEING.
  3358 | D:3      | 3358 ||| FLEEEEING.
  3359 | D:3      | 3359 ||| FLEEEEING.
  3360 | D:3      | 3360 ||| FLEEEEING.
  3361 | D:3      | 3361 ||| FLEEEEING.
  3362 | D:3      | 3362 ||| FLEEEEING.
  3363 | D:3      | 3363 ||| FLEEEEING.
  3364 | D:3      | 3364 ||| FLEEEEING.
  3365 | D:3      | 3365 ||| FLEEEEING.
  3366 | D:3      | 3366 ||| FLEEEEING.
  3368 | D:3      | 3368 ||| FLEEEEING.
  3369 | D:3      | 3369 ||| FLEEEEING.
  3370 | D:3      | 3370 ||| FLEEEEING.
  3371 | D:3      | 3371 ||| FLEEEEING.
  3372 | D:3      | 3372 ||| FLEEEEING.
  3373 | D:3      | 3373 ||| FLEEEEING.
  3374 | D:3      | 3374 ||| FLEEEEING.
  3375 | D:3      | 3375 ||| FLEEEEING.
  3376 | D:3      | 3376 ||| FLEEEEING.
  3377 | D:3      | 3377 ||| STAIRDANCE
  3429 | D:2      | 3429 ||| UPGRADING to +0 scale mail.
  3439 | D:2      | 3439 ||| DROPPING +0 leather armour.
  3440 | D:2      | 3440 ||| DROPPING ring of wizardry.
  3443 | D:3      | 3443 ||| STAIRDANCE
  3450 | D:3      | 3450 ||| STAIRDANCE
  3515 | D:3      | 3515 ||| Stepping ~*~*~tactically~*~*~ (hiding).
  3533 | D:3      | Killed Ijyb
  3534 | D:3      | Reached skill level 5 in Unarmed Combat
  3534 | D:3      | 3534 ||| STAIRDANCE
  3638 | D:3      | Identified the +6 short sword of Classification {antimagic,
                  | rElec rF+ Stlth+}
  3659 | D:3      | Noticed Sigmund
  3678 | D:3      | Killed Sigmund
  3679 | D:3      | Reached skill level 6 in Unarmed Combat
  3679 | D:3      | Reached XP level 6. HP: 21/48 MP: 7/7
  3882 | D:3      | Found a runed translucent door.
  3883 | D:3      | Noticed Crazy Yiuf
  4076 | D:3      | 4076 ||| Stepping ~*~*~tactically~*~*~ (stealth).
  4079 | D:3      | 4079 ||| Stepping ~*~*~tactically~*~*~ (stealth).
  4093 | D:3      | 4093 ||| FLEEEEING.
  4094 | D:3      | 4094 ||| FLEEEEING.
  4179 | D:3      | Found a stormy altar of Qazlal.
  4203 | D:3      | 4203 ||| Stepping ~*~*~tactically~*~*~ (stealth).
  4205 | D:3      | 4205 ||| Stepping ~*~*~tactically~*~*~ (stealth).
  4209 | D:3      | 4209 ||| Stepping ~*~*~tactically~*~*~ (outnumbered).
  4461 | D:3      | 4461 ||| UPGRADING to +1 hat.
  4466 | D:3      | 4466 ||| READING scroll labelled NAEGATEPTU.
  4467 | D:3      | 4467 ||| READING 2 scrolls labelled HAH ERGHICSOKA.
  4530 | D:3      | 4530 ||| READING scroll labelled LOCODI TUUFENILUA.
  4531 | D:3      | 4531 ||| DRINKING 2 orange potions.
  4532 | D:3      | 4532 ||| DRINKING 2 grey potions.
  4533 | D:3      | 4533 ||| READING 2 scrolls of identify.
  4533 | D:3      | 4533 ||| IDENTIFYING glowing puce potion
  4534 | D:3      | 4534 ||| DROPPING potion of berserk rage.
  4535 | D:3      | 4535 ||| DROPPING potion of invisibility.
  4594 | D:4      | Reached skill level 3 in Fighting
  4594 | D:4      | Reached XP level 7. HP: 37/58 MP: 8/8
  4638 | D:4      | 4638 ||| FLEEEEING.
  4639 | D:4      | 4639 ||| FLEEEEING.
  4640 | D:4      | 4640 ||| FLEEEEING.
  4641 | D:4      | 4641 ||| STAIRDANCE
  4834 | D:4      | Reached skill level 1 in Armour
  4845 | D:4      | 4845 ||| Stepping ~*~*~tactically~*~*~ (stealth).
  4891 | D:4      | Found Wupnopp's Weapon Emporium.
  5056 | D:4      | Found a staircase to the Ecumenical Temple.
  5057 | D:4      | 5057 ||| PLANNING TEMPLE
  5057 | D:4      | 5057 ||| READING scroll labelled YTATIEMUNE.
  5057 | D:4      | Identified a scroll of acquirement
  5057 | D:4      | 5057 ||| ACQUIRING ring of Res Nullius {+Blink Fly rC+
                  | Int-2 Dex+6}
  5057 | D:4      | Acquired the ring of Res Nullius {+Blink Fly rC+ Int-2
                  | Dex+6}
  5059 | D:4      | 5059 ||| UPGRADING to ring of Res Nullius {+Blink Fly rC+
                  | Int-2 Dex+6}.
  5068 | Temple   | Entered the Ecumenical Temple
  5266 | Temple   | 5266 ||| PLANNING D:1-11
  5307 | D:4      | 5307 ||| Stepping ~*~*~tactically~*~*~ (hiding).
  5316 | D:4      | 5316 ||| DRINKING potion of curing.
  5316 | D:4      | 5316 ||| (to cure confusion)
  5317 | D:4      | 5317 ||| Stepping ~*~*~tactically~*~*~ (hiding).
  5321 | D:4      | HP: 12/58 [orc priest/divine providence (13)]
  5322 | D:4      | 5322 ||| READING scroll of teleportation.
  5322 | D:4      | Killed from afar by an orc priest

Levels and vault maps discovered:
D:1:      ldierk_water_garden, layout_basic,
          hellmonk_ecumenical_altar_pennies_from_heaven
D:2:      layout_basic, serial_shops, shop, minmay_split_cup_large
D:3:      layout_loops_ring, grunt_qazlal_sundering,
          mainiacjoe_overflow_boulevard, minmay_goblin_outpost,
          uniq_crazy_yiuf_cottage, uniq_sigmund, uniq_terence, uniq_ijyb
D:4:      layout_cave_pools, nicolae_sif_muna_condensation,
          minmay_temple_entry_ruins, serial_shops, nicolae_stop_n_shop_1
Temple:   regret_index_temple_generic_petals

Skill      XL: |  1  2  3  4  5  6  7 |
---------------+----------------------+-----
Unarmed Combat | 1 2 3 4 6 |  6.5
Fighting       | 1 2 3 |  3.8
Armour         | 1 |  1.2
Dodging        | |  1.7
Stealth        | |  2.1
Spellcasting   | |  1.7
Conjurations   | |  0.7
Fire Magic     | |  2.4

Action                   |  1- 3 |  4- 6 |  7- 9 || total
-------------------------+-------+-------+-------++-------
Melee: Unarmed           |   119 |   176 |    39 ||   334
       Punch             |     2 |     3 |     1 ||     6
  Use: Scroll            |     4 |     5 |     2 ||    11
       Potion            |       |     2 |     1 ||     3
 Stab: Sleeping          |       |     1 |       ||     1
Armor: Robe              |    17 |    18 |       ||    35
       Leather armour    |       |     2 |       ||     2
       Scale mail        |       |    34 |    15 ||    49
Dodge: Dodged            |    59 |   106 |    13 ||   178

Table legend:
 A = Non-vault XP
 B = Vault XP
 C = Vault XP percentage of total XP
 D = Non-vault monster count
 E = Vault monster count
 F = Vault count percentage of total count
                 A         B        C        D         E       F
            +---------+---------+-------+---------+---------+-------
      Total |     419 |     314 |  42.8 |      78 |      12 |  13.3
            +---------+---------+-------+---------+---------+-------
        D:1 |      42 |       0 |   0.0 |      23 |       0 |   0.0
        D:2 |     100 |      20 |  16.7 |      29 |       5 |  14.7
        D:3 |      40 |     294 |  88.0 |       9 |       7 |  43.8
        D:4 |     237 |       0 |   0.0 |      17 |       0 |   0.0
            +---------+---------+-------+---------+---------+-------
